 Dungeon Crawl Stone Soup version 0.27-a0-1191-g601b473118 (webtiles) character file.

Game seed: 14330358737561816180

44 experimilk the Digger (level 3, -1/19 HPs)
             Began as a Gargoyle Earth Elementalist on May 24, 2021.
             Slain by Terence
             ... wielding a +0 mace
              (7 damage)
             ... on level 2 of the Dungeon.
             The game lasted 00:03:51 (1895 turns).

experimilk the Digger (Gargoyle Earth Elementalist) Turns: 1895, Time: 00:03:52

Health: -1/19      AC:  5    Str: 11    XL:     3   Next: 60%
Magic:  1/6        EV: 11    Int: 16    God:
Gold:   20         SH:  0    Dex: 10    Spells: 0/6 levels left

rFire    . . .     SeeInvis .   a - +0 short sword
rCold    . . .     Faith    .   (no shield)
rNeg     + . .     Spirit   .   c - +0 robe
rPois    ∞         Reflect  .   (no helmet)
rElec    +         Harm     .   (no cloak)
rCorr    .         Rampage  .   (no gloves)
Will     .....                  (no boots)
Stlth    ++........             (no amulet)
HPRegen  0.06/turn              (no ring)
MPRegen  0.10/turn              (no ring)

@: flying
A: sickness immunity, AC +3, negative energy resistance 1, electricity
resistance, torment resistance 1, petrification resistance
a: no special abilities


You were on level 2 of the Dungeon.
You visited 1 branch of the dungeon, and saw 2 of its levels.

You collected 20 gold pieces.

Inventory:

Hand Weapons
 a - a +0 short sword (weapon)
Missiles
 b - 92 stones
Armour
 c - a +0 robe (worn)
Jewellery
 f - a ring of protection from fire
Scrolls
 e - 2 scrolls of identify {unknown}
 g - 2 scrolls of holy word {unknown}
 h - a scroll of magic mapping {unknown}


   Skills:
 - Level 1.5 Dodging
 - Level 2.1 Stealth
 - Level 2.0 Spellcasting
 + Level 0.4 Conjurations
 + Level 1.5 Transmutations
 * Level 4.9 Earth Magic


You couldn't memorise any spells.
You knew the following spells:

 Your Spells              Type           Power      Damage    Failure   Level
a - Sandblast             Erth           34%        2d9       2%          1
b - Passwall              Tmut/Erth      9%         N/A       9%          2
c - Stone Arrow           Conj/Erth      20%        3d8       21%         3

Your spell library contained the following spells:

 Spells                   Type           Power      Damage    Failure   Level
 Animate Skeleton         Necr           2%         N/A       21%         1
 Pain                     Necr           4%         1d4       21%         1
 Petrify                  Tmut/Erth      11%        N/A       50%         4
 Vampiric Draining        Necr           0%         2d6       52%         3
 Lee's Rapid Deconstruct  Erth           8%         3d8*      58%         5
 Animate Dead             Necr           0%         N/A       90%         4
 Agony                    Necr           1%         N/A       99%         5


Dungeon Overview and Level Annotations

Branches:
Dungeon (2/15)

Altars:

Annotations:
D:2 Terence


Innate Abilities, Weirdness & Mutations

You are immune to sickness and miasma.
Your stone body is resilient. (AC +3)
You are immune to poison.
You resist negative energy. (rN+)
You are resistant to electric shocks. (rElec)
You are resistant to unholy torment.
You are immune to petrification.


Message History

Nothing appears to happen.
Terence shouts!
Casting: Stone Arrow (extremely dangerous; 21% risk of failure)
Confirm with . or Enter, or press ? or * to list all spells.
The spell is extremely dangerous to cast (21% risk of failure)!
Continue anyway?
Aiming: Stone Arrow (extremely dangerous; 21% risk of failure)
Press: ? - help, Shift-Dir - straight line, f/p - Terence
Aim: Terence, wielding a +0 mace and wearing a +0 scale mail (72% to hit)
The stone arrow hits Terence.
Terence is moderately wounded.
Casting: Stone Arrow (extremely dangerous; 21% risk of failure)
Confirm with . or Enter, or press ? or * to list all spells.
You don't have enough magic to cast this spell.
Unknown command.
You hit Terence.
Terence is moderately wounded.
Terence barely misses you.
You barely miss Terence.
Terence is moderately wounded.
Terence hits you with a +0 mace.
You hit Terence but do no damage.
Terence is moderately wounded.
Terence hits you with a +0 mace.
It was a potion of flight.
You feel very buoyant.
You fly up into the air.
Terence closely misses you.
You hit Terence but do no damage.
Terence is moderately wounded.
Terence hits you but does no damage.
You hit Terence.
Terence is heavily wounded.
Terence closely misses you.
Your magical contamination has completely faded away.
You closely miss Terence.
Terence is heavily wounded.
Terence hits you with a +0 mace.
You closely miss Terence.
Terence is heavily wounded.
Terence hits you with a +0 mace!
You die...

#. .##.........##.#
####.###.##.........##.#
.........##..##.##..##..
#....##.#.##.##..####
#...###........... .#
#.##.#.##.##..#### #.#
#.###..##.##..# # #.#
#.# #.........# # ####
#.# #@# #.###.##..# #
..# #.# #@#
#....#....#### #.# #.#
#.# ##### ##......
###.####.# #.# ##.###.
.........# ... #.# #.
.##.####.# #.# #.###.
.##.# #.# #... #....#
....# #.# #.#. #.#.##
[#### #.#####..... #.#.#


You could see Terence.

Vanquished Creatures
  A worm (D:2)
  4 dart slugs
  4 ball pythons (D:1)
  2 endoplasms (D:1)
  A giant cockroach (D:1)
  A goblin (D:1)
  5 hobgoblins (D:1)
  2 quokkas (D:1)
  4 bats
  3 frilled lizards (D:1)
  2 kobolds
  3 rats (D:1)
32 creatures vanquished.

Notes
Turn   | Place    | Note
-------+----------+-------------------------------------------
     0 | D:1      | experimilk the Gargoyle Earth Elementalist began the quest
                  | for the Orb.
     0 | D:1      | Reached XP level 1. HP: 10/10 MP: 3/3
    81 | D:1      | Reached skill level 1 in Transmutations
    86 | D:1      | Reached skill level 4 in Earth Magic
   112 | D:1      | Reached XP level 2. HP: 15/15 MP: 0/5
   922 | D:1      | Reached XP level 3. HP: 19/19 MP: 3/6
   982 | D:1      | Learned a level 2 spell: Passwall
   986 | D:1      | Learned a level 3 spell: Stone Arrow
  1228 | D:1      | Found a faded altar of an unknown god.
  1315 | D:2      | Noticed Terence
  1895 | D:2      | Slain by Terence

Illustrated notes

Levels and vault maps discovered:
D:1:      dpeg_arrival_signposts, layout_rooms, ebering_ecumenical_altar_box
D:2:      kennysheep_the_goblin_king, layout_loops_ring, uniq_terence

Skill      XL: |  1 |
---------------+----+-----
Transmutations | 1 |  1.5
Earth Magic    | 4 |  4.9
Dodging        | |  1.5
Stealth        | |  2.1
Spellcasting   | |  2.0
Conjurations   | |  0.4

Action                   || total
-------------------------++-------
Melee: Short sword       ||     7
 Cast: Sandblast         ||    46
       Stone Arrow       ||     1
  Use: Potion            ||     1
Armor: Robe              ||     6
Dodge: Dodged            ||    14

Table legend: (Time is in decaauts)
 A = Elapsed time spent in this place.
 B = Non-inter-level travel time spent in this place.
 C = Inter-level travel time spent in this place.
 D = Time resting spent in this place.
 E = Time spent auto-exploring this place.
 F = Levels seen in this place.
 G = Mean time per level.
                   A        B        C        D        E       F      G
               +--------+--------+--------+--------+--------+-----+--------+
         Total |   1895 |   1831 |     64 |    859 |    598 |   2 |  947.5 |
       Dungeon |   1895 |   1831 |     64 |    859 |    598 |   2 |  947.5 |
               +--------+--------+--------+--------+--------+-----+--------+

Top non-repeatable levels by time:
     D:1: 1342 daAuts
     D:2: 553 daAuts
